AoeStats
← MrBunnyKebab

Nomad

503114424Analyzed
3v3 RM · 1mo ago on Aug 30, 2026· 31m 47s· 6 players
Game mode
Random Map
Map size
210×210
Population
200
Speed
Normal
Resources
Low
Victory
Standard
Starting age
Dark Age
Ending age
Imperial Age
RankedLock teamsTeams togetherTeam positionsShared explorationLock speedFull tech treeHidden civsTurbo modeCheats
Victory
Defeat
🇺🇸 Italians · United States
1611
+9
🇮🇹 Lithuanians · Italy
1571
+11
🇫🇷 Aztecs · France
1320
+22
🇷🇺 Malians · Russia
1543
-18
🇧🇩 Huns · Bangladesh
1452
-14
🇱🇧 Italians · Lebanon
1376
-11
MrBunnyKebab
5:46 Loom
13:48 Feudal Age
14:08 Fishing Lines
14:19 Double-Bit Axe
18:13 Forging
23:02 Castle Age
24:02 Medium Warships
24:04 Bow Saw
23:45 Fletching
24:30 Gillnets
24:59 Clinker Construction
GetTheRelics
7:02 Loom
15:51 Feudal Age
19:38 Castle Age
18:46 Double-Bit Axe
20:39 Bow Saw
22:54 Horse Collar
27:10 Heavy Plow
28:32 Wheelbarrow
32:59 Imperial Age
TelloDMan
6:00 Loom
13:15 Feudal Age
15:21 Double-Bit Axe
18:43 Fletching
18:54 Padded Archer Armor
25:06 Castle Age
25:23 Crossbowman
26:52 Bodkin Arrow
28:04 Pikeman
30:41 Leather Archer Armor
Catipan Dixlesya
12:45 Loom
14:44 Feudal Age
18:33 Castle Age
18:18 Double-Bit Axe
18:14 Horse Collar
20:14 Wheelbarrow
20:35 Bow Saw
21:54 Heavy Plow
24:58 Hand Cart
24:28 Town Watch
26:37 Scale Barding Armor
26:42 Forging
28:15 Chain Barding Armor
28:58 Town Patrol
29:03 Stone Mining
29:10 Gold Mining
34:09 Imperial Age
King c'est l'acier
5:09 Loom
14:12 Feudal Age
14:45 Double-Bit Axe
20:41 Castle Age
21:37 Medium Warships
25:13 Horse Collar
28:13 Fletching
mjacobs
4:40 Loom
14:51 Feudal Age
15:28 Double-Bit Axe
16:54 Fletching
22:35 Castle Age
21:04 Fishing Lines
23:26 Medium Warships
23:18 Bodkin Arrow
23:40 Bow Saw
23:37 Gillnets
25:48 Wheelbarrow
26:02 Careening
26:13 Ballistics
34:43 Imperial Age
Connection lost

Rejoining the realm…

Still unreachable

The connection could not be restored.

Session expired

The server has moved on; the page needs a fresh start.